 Dungeon Crawl Stone Soup version 0.26-b1-32-g5d43845318 (webtiles) character file.

Game seed: 15254208945197595905

1784994 Vidiiot the Slayer (level 25, 158/158 HPs)
             Began as a Gargoyle Fighter on Jan 8, 2021.
             Was an Elder of Okawaru.
             Escaped with the Orb
             ... and 3 runes!
             The game lasted 02:29:48 (56597 turns).

Vidiiot the Slayer (Gargoyle Fighter)              Turns: 56597, Time: 02:29:49

Health: 158/158    AC: 65    Str: 32      XL:     25   Next: 64%
Magic:  26/26      EV: 10    Int: 13      God:    Okawaru [****..]
Gold:   1470       SH: 13    Dex:  6 (7)  Spells: 24/24 levels left

rFire    + . .     SeeInvis +   b - +7 broad axe of Ugoej {holy, rF- Will+ SInv}
rCold    + . .     Faith    .   q - +0 kite shield {rC+}
rNeg     + . .     Spirit   .   M - +15 Maxwell's patent armour {-Cast -Tele rElec Will+ rCorr}
rPois    ∞         Reflect  .   B - +1 helmet {SInv}
rElec    +         Harm     .   D - +1 cloak {Will+}
rCorr    +         Rampage  .   R - +0 pair of gloves {archery}
Will     ++++.     Rnd*Rage +   s - +2 pair of boots {Fly} Stlth ..........NoTele +
                                n - amulet of magic regeneration
HPRegen  0.36/turn NoCast   +   w - ring "Dudut" {rF+ AC+4 Int+4 SInv}
MPRegen  0.45/turn              P - ring of protection from fire

@: flying
A: big wings, berserk 1, clumsy 1, deformed body, frail 1, negative energy
resistance 1, electricity resistance, unbreathing, evolution 1, petrification
resistance, miasma immunity, subdued magic 1, AC +19
0: Orb of Zot
}: 3/15 runes: barnacled, abyssal, gossamer
a: Stop Flying, Renounce Religion, Heroism


You escaped.
You worshipped Okawaru.
Okawaru was greatly pleased with you.
You visited 9 branches of the dungeon, and saw 45 of its levels.
You visited the Abyss 1 time.
You visited 1 bazaar.
You also visited: Sewer, Ossuary, Gauntlet and Volcano.

You collected 4631 gold pieces.
You spent 3161 gold pieces at shops.

Inventory:

Hand Weapons
 a - a +8 vampiric war axe
 b - the +7 broad axe of Ugoej (weapon) {holy, rF- Will+ SInv}
   (You found it on level 4 of the Dungeon)

   It has been blessed by the Shining One to cause great damage to the undead
   and demons.
   It makes you vulnerable to fire.
   It affects your willpower, your defense against some magical effects.
   It lets you see invisible.
 y - a +5 vorpal broad axe
Missiles
 W - 13 curare-tipped darts (quivered)
 Y - 11 throwing nets {!f}
Armour
 h - +5 gold dragon scales
 q - a +0 kite shield of cold resistance (worn)
 s - a +2 pair of boots of flying (worn)
 B - a +1 helmet of see invisible (worn)
 D - a +1 cloak of willpower (worn)
 M - the +15 Maxwell's patent armour (worn) {-Cast -Tele rElec Will+ rCorr}
   (You found it on level 4 of the Realm of Zot)

   It insulates you from electricity.
   It affects your willpower, your defense against some magical effects.
   It prevents spellcasting.
   It prevents most forms of teleportation.
   It provides partial protection from all sources of acid and corrosion.
 R - a +0 pair of gloves of archery (worn)
Jewellery
 n - an amulet of magic regeneration (around neck)
 p - the ring "Doriot" {Will+ Str+3 Stlth+}
   (You took it off a minotaur in a Gauntlet)

   [ring of stealth]

   It affects your strength (+3).
   It affects your willpower, your defense against some magical effects.
   It makes you more stealthy.
 w - the ring "Dudut" (left hand) {rF+ AC+4 Int+4 SInv}
   (You found it in a Gauntlet)

   [ring of protection]

   It affects your AC (+4).
   It affects your intelligence (+4).
   It protects you from fire.
   It lets you see invisible.
 G - an uncursed ring of resist corrosion
 P - a ring of protection from fire (right hand)
Wands
 j - a wand of polymorph (7)
 F - a wand of acid (23)
 L - a wand of enslavement (17)
 O - a wand of disintegration (3)
 Q - a wand of paralysis (5)
 S - a wand of digging (2)
 Z - a wand of iceblast (3)
Scrolls
 c - a scroll of holy word {!r}
 e - 10 scrolls of teleportation {!r}
 g - a scroll of enchant weapon {!r}
 r - a scroll of summoning {!r}
 u - 4 scrolls of immolation {!r}
 x - 2 scrolls of magic mapping {!r}
 z - 2 scrolls of amnesia {!r}
 C - a scroll of silence {!r, unknown}
 I - 5 scrolls of fog {!r}
 J - 3 scrolls of fear {!r}
 N - 6 scrolls of remove curse {!r}
Potions
 f - 2 potions of mutation {!q}
 k - 4 potions of invisibility {!q}
 m - 5 potions of brilliance {!q}
 o - 8 potions of curing {!q}
 t - 8 potions of lignification {!q}
 v - 5 potions of attraction {!q}
 A - a potion of resistance {!q}
 H - 3 potions of might {!q}
 K - 4 potions of cancellation {!q}
 T - 15 potions of ambrosia {!q}
 V - a potion of haste {!q}
 X - 5 potions of magic {!q}
Miscellaneous
 i - a tin of tremorstones (2/2)
 l - a box of beasts
 E - a phantom mirror
 U - a condenser vane


   Skills:
 - Level 23.5 Fighting
 - Level 21.3 Axes
 - Level 4.8 Slings
 + Level 22.5 Armour
 - Level 7.3 Dodging
 - Level 12.5 Shields
 - Level 4.2 Invocations
 - Level 12.3 Evocations


You had 24 spell levels left.
You didn't know any spells.
Your spell library contained the following spells:

 Spells                   Type           Power        Failure   Level
 Animate Skeleton         Necr           0%           77%         1
 Apportation              Tloc           0%           77%         1
 Corona                   Hex            0%           77%         1
 Foxfire                  Conj/Fire      0%           77%         1
 Magic Dart               Conj           0%           77%         1
 Pain                     Necr           0%           77%         1
 Sting                    Tmut/Pois      0%           77%         1
 Summon Small Mammal      Summ           0%           77%         1
 Call Imp                 Summ           0%           89%         2
 Corpse Rot               Necr/Air       N/A          89%         2
 Poisonous Vapours        Pois/Air       0%           89%         2
 Searing Ray              Conj           0%           89%         2
 Slow                     Hex            0%           89%         2
 Call Canine Familiar     Summ           0%           98%         3
 Dazzling Flash           Conj/Hex       0%           98%         3
 Ignite Poison            Fire/Tmut/Pois 0%           98%         3
 Inner Flame              Hex/Fire       0%           98%         3
 Lesser Beckoning         Tloc           0%           98%         3
 Mephitic Cloud           Conj/Pois/Air  0%           98%         3
 Portal Projectile        Hex/Tloc       0%           98%         3
 Static Discharge         Conj/Air       0%           98%         3
 Summon Guardian Golem    Hex/Summ       0%           98%         3
 Tukima's Dance           Hex            0%           98%         3
 Vampiric Draining        Necr           0%           98%         3
 Animate Dead             Necr           0%           100%        4
 Cause Fear               Hex            0%           100%        4
 Fulminant Prism          Conj/Hex       0%           100%        4
 Ice Form                 Ice/Tmut       0%           100%        4
 Iskenderun's Mystic Bla  Conj/Tloc      0%           100%        4
 Leda's Liquefaction      Hex/Erth       0%           100%        4
 Olgreb's Toxic Radiance  Pois           0%           100%        4
 Sticky Flame             Conj/Fire      0%           100%        4
 Summon Ice Beast         Ice/Summ       0%           100%        4
 Summon Lightning Spire   Summ/Air       0%           100%        4
 Agony                    Necr           0%           100%        5
 Alistair's Intoxication  Tmut/Pois      0%           100%        5
 Bolt of Magma            Conj/Fire/Erth 0%           100%        5
 Iskenderun's Battlesphe  Conj           0%           100%        5
 Lightning Bolt           Conj/Air       0%           100%        5
 Metabolic Englaciation   Hex/Ice        0%           100%        5
 Yara's Violent Unravell  Hex/Tmut       0%           100%        5
 Freezing Cloud           Conj/Ice/Air   0%           100%        6
 Invisibility             Hex            0%           100%        6
 Iron Shot                Conj/Erth      0%           100%        6
 Ozocubu's Refrigeration  Ice            0%           100%        6
 Simulacrum               Ice/Necr       0%           100%        6
 Dragon Form              Tmut           0%           100%        7
 Orb of Destruction       Conj           0%           100%        7
 Spellforged Servitor     Conj/Summ      0%           100%        7
 Ignition                 Fire           0%           100%        8
 Dragon's Call            Summ           0%           100%        9
 Shatter                  Erth           0%           100%        9
 Tornado                  Air            0%           100%        9


Dungeon Overview and Level Annotations

Branches:
Dungeon (15/15)            Temple (1/1) D:6            Lair (6/6) D:11
 Shoals (4/4) Lair:4       Spider (4/4) Lair:3        Slime (0/5) Lair:6
    Orc (2/2) D:12            Elf (0/3) Orc:2        Vaults (3/5) D:14
 Depths (5/5) D:15            Zot (5/5) Depths:5      Sewer (visited)
Ossuary (visited)         Volcano (visited)         Gauntlet (visited)
  Crypt: Vaults:2-3

Altars:
Ashenzari
Cheibriados
Dithmenos
Elyvilon
Fedhas
Gozag
Hepliaklqana
Kikubaaqudgha
Makhleb
Nemelex Xobeh
Okawaru
Qazlal
Ru
Sif Muna
Trog
Vehumet
Wu Jian
Xom
Yredelemnul
Zin
The Shining One
Beogh

Shops:
D:12 [   D:14 }   Orc:2 *[(((   Vaults:1 :   Vaults:2 ?   Depths:4 :=

Portals:
Hell: Depths:1 Depths:2 Depths:3 Depths:4 Depths:5
Abyss: Depths:1 Depths:2 Depths:4 Depths:5
Pandemonium: Depths:3
Ziggurat: Depths:4

Annotations:
Spider:1 exclusion: downstairs


Innate Abilities, Weirdness & Mutations

You are resistant to torment.
Your stone body is resilient. (AC +19)
You are immune to poison.
Your large and strong wings let you fly indefinitely.
You resist negative energy. (rN+)
You are resistant to electric shocks. (rElec)
You can survive without breathing.
You are immune to petrification.
You are immune to miasma.
You tend to lose your temper in combat.
You are clumsy. (Dex -2)
Armour fits poorly on your strangely shaped body.
You are frail. (-10% HP)
You evolve.
Your spells are a little easier to cast, but a little less powerful.


Message History

You kill the sixfirhy!
Okawaru accepts your kill. The green death gestures at you.
The bolt of poison hits you but does no damage.
You resist.
You completely miss the green death.
You slice the green death like a ripe choko!!!
The green death convulses!!!
You kill the green death!
Okawaru accepts your kill.
You feel your dexterity returning.
No target in view!
You start removing your armour.
You continue taking off your +5 gold dragon scales. x4
You finish taking off your +5 gold dragon scales.
You start putting on your armour.
You continue putting on the +15 Maxwell's patent armour {-Cast -Tele rElec Will+ rCorr}. x5
You finish putting on the +15 Maxwell's patent armour {-Cast -Tele rElec Will+ rCorr}.
There is a staircase leading out of the dungeon here.
You have escaped!

................# #....#8...8#
.....##.##.#########....##...##
...2....2....2...............####
......2..#..########............#
..........#...# #.........##..
......#......#######.........###.
......#.#.##.#...............##8.
......#.#.##.#)####.##....######.
.####.....##.#.#@.#.##...#### #.
.# #.....##.#.#..#.##......# ##.
.####.....##.#.##.#.##......# #8.
.......#..##.#....#.##......# ##.
.#####.#..##.######.##....>.###..
.# #.#...................###...
.# #.##...########.......#8....
.#####.###..####..........##.....
..............#..........##.....#


There were no monsters in sight!

Vanquished Creatures
  3 ancient liches (Zot:5)
  5 orbs of fire
  Xtahua (Depths:3)
  A curse toe (Depths:5)
  4 golden dragons
  2 bone dragons (Depths:5)
  4 electric golems
  14 Orb Guardians
  Jorgrun (Orc:2)
  8 tentacled monstrosities
  Rupert (Lair:4)
  3 liches
  2 Executioners
  3 quicksilver dragons
  2 tentacled starspawn (Abyss:3)
  An ancient champion (Depths:2)
  5 death cobs
  Polyphemus (Shoals:4)
  A sphinx (Depths:5)
  5 shadow dragons
  A tengu reaver (Depths:4)
  10 storm dragons
  10 draconian monks
  A nagaraja (Abyss:3)
  3 frost giants
  3 draconian knights
  4 fire giants
  An azure jelly (shapeshifter) (Depths:5)
  5 ghost moths
  4 draconian scorchers
  An orc warlord (Orc:2)
  3 vault wardens
  4 draconian shifters
  2 draconian stormcallers
  Aizul (Shoals:4)
  5 emperor scorpions
  4 ironheart preservers
  8 draconian annihilators
  13 very ugly things
  3 spriggan defenders
  A war gargoyle (Vaults:2)
  11 stone giants
  3 vampire knights
  10 black draconians
  7 green draconians
  14 purple draconians
  Azrael (D:14)
  13 red draconians
  8 yellow draconians
  A minotaur (Gauntlet)
  16 spark wasps
  2 entropy weavers
  14 white draconians
  8 ettins
  2 green deaths
  A blizzard demon (D:5)
  3 jiangshi (Depths:1)
  A crystal guardian (Vaults:2)
  5 fire dragons
  7 yaktaur captains
  5 merfolk javelineers
  8 great orbs of eyes
  8 merfolk impalers
  2 rakshasas
  Josephine (Orc:1)
  10 ice dragons
  A vault guard (D:14)
  A boulder beetle (Vaults:2)
  The ghost of Doxiuhun the Thaumaturge, a journeyman GnSk of Okawaru (D:11)
  4 spriggan air magi
  2 hydras
  2 naga warriors (Abyss:3)
  A merfolk avatar (Lair:6)
  A hell beast (Depths:2)
  2 catoblepae
  9 death yaks
  3 alligator snapping turtles
  6 centaur warriors
  10 ogre magi
  10 merfolk aquamancers
  A death knight (Vaults:1)
  21 two-headed ogres
  A vampire mage (Depths:1)
  3 tengu warriors
  12 deep troll shamans
  4 satyrs
  8 death scarabs (Spider:4)
  8 deep troll earth magi
  Urug (D:10)
  3 soul eaters
  7 spriggan berserkers
  A deep elf knight (Vaults:2)
  14 hell knights
  A sun demon (Depths:2)
  Sonja (D:10)
  2 sixfirhies
  Nergalle (Lair:3)
  3 wretched stars (Abyss:3)
  5 iron trolls
  A shadow wraith (Vaults:2)
  4 skeletal warriors (D:14)
  A sea snake (shapeshifter) (D:15)
  A spectral emperor scorpion (Spider:4)
  6 glowing orange brains
  A spatial maelstrom (Abyss:3)
  6 sea snakes
  3 unseen horrors
  An unseen horror (shapeshifter) (Vaults:1)
  4 wizards
  2 flayed ghosts
  A swamp dragon (shapeshifter) (Vaults:2)
  4 spectral wolf spiders (Spider:4)
  20 deep trolls
  An obsidian statue (Volcano)
  20 harpies
  10 orc knights
  An orc sorcerer (Vaults:2)
  4 phantasmal warriors
  8 necromancers
  16 orb spiders
  7 ironbrand convokers
  30 ugly things
  A deep elf mage (D:13)
  23 wolf spiders
  6 cyclopes
  11 manticores
  A salamander (Depths:5)
  4 fauns
  A moth of wrath (shapeshifter) (Depths:3)
  A salamander (shapeshifter) (Vaults:2)
  A stone giant zombie (Vaults:2)
  A worldbinder (Abyss:3)
  A toenail golem (Depths:5)
  16 elephants
  12 moths of wrath
  5 water nymphs
  Joseph (Lair:1)
  5 merfolk sirens
  3 black mambas
  5 vault sentinels
  Maurice (Orc:2)
  A guardian serpent (shapeshifter) (D:15)
  2 guardian serpents (Abyss:3)
  A smoke demon (Abyss:3)
  A torpor snail (Spider:1)
  2 apocalypse crabs (Abyss:3)
  An orange demon (Abyss:3)
  A hellion (D:13)
  A komodo dragon (shapeshifter) (Vaults:2)
  11 cane toads
  12 rime drakes
  A cane toad (shapeshifter) (Vaults:1)
  3 spectral redbacks (Spider:4)
  10 komodo dragons
  11 demonic crawlers
  2 redback zombies
  35 yaktaurs
  4 ancient zymes (Abyss:3)
  3 freezing wraiths
  An efreet (D:14)
  2 hellwings
  27 jumping spiders
  A queen bee (Lair:3)
  A red devil (Depths:3)
  5 tengu conjurers
  5 harpy zombies (Shoals:4)
  A queen bee (shapeshifter) (D:15)
  3 meliai (Shoals:3)
  A wind drake (shapeshifter) (Depths:4)
  A troll (shapeshifter) (Depths:5)
  A spectral tarantella (Spider:4)
  8 polar bears
  A polar bear (shapeshifter) (D:15)
  4 trolls
  16 hornets
  4 wind drakes
  An ettin zombie (Vaults:2)
  26 merfolk
  2 raiju (Abyss:3)
  20 slime creatures
  3 dream sheep (Shoals:3)
  2 tarantella zombies (Spider:4)
  2 spectral jumping spiders (Spider:4)
  17 blink frogs
  4 jumping spider zombies (Spider:4)
  3 human simulacra
  10 snapping turtles
  2 ettin skeletons (Vaults:2)
  55 redbacks
  2 ynoxinuls
  7 spriggans
  5 flying skulls (Gauntlet)
  4 shadows
  6 wraiths
  51 yaks
  30 tarantellas
  25 water elementals
  10 wyverns
  2 steam dragons (D:8)
  3 basilisks
  3 large abominations (Abyss:3)
  5 fire bats
  2 vampires
  4 fire elementals (D:14)
  A yaktaur simulacrum (Vaults:2)
  2 vampire mosquitoes (D:14)
  A chaos spawn (Depths:3)
  3 spatial vortices (Abyss:3)
  3 soldier ants
  4 acid dragons
  3 wargs
  18 water moccasins
  3 hell hounds (D:14)
  A hydra simulacrum (Lair:3)
  3 spectral hornets (Spider:4)
  2 hornet zombies (Spider:4)
  5 sky beasts
  47 orc warriors
  A black bear (D:8)
  8 starcursed masses (Abyss:3)
  2 eyes of draining
  9 ice beasts
  A phantom (D:10)
  3 manticore zombies (Shoals:4)
  A necrophage (D:10)
  11 wolves
  34 ogres
  9 boggarts
  A black mamba simulacrum (Lair:3)
  An ogre (shapeshifter) (Vaults:2)
  An orc skeleton (Vaults:2)
  32 centaurs
  A big kobold (D:11)
  23 bullfrogs
  A cane toad simulacrum (Lair:3)
  4 human skeletons (Vaults:2)
  3 scorpions
  2 small abominations (Abyss:3)
  28 killer bees
  A dream sheep simulacrum (Lair:3)
  5 howler monkeys
  18 wights
  A crimson imp (Depths:5)
  5 centaur zombies
  4 lava snakes (Volcano)
  A bullfrog zombie (D:10)
  2 quasits (Abyss:3)
  9 hounds
  A komodo dragon simulacrum (Lair:3)
  2 bullfrog skeletons
  18 orc wizards
  23 orc priests
  3 centaur skeletons
  5 jellies
  3 human zombies (Ossuary)
  4 hell rats
  6 iguanas
  13 worker ants
  3 mummies (Ossuary)
  13 adders
  2 shadow imps
  12 white imps
  2 worker ant simulacra (D:10)
  4 ufetubi
  12 oozes
  3 worms
  A dart slug (D:4)
  19 leopard geckos
  89 orcs
  6 ball pythons
  12 giant cockroaches
  3 goblins
  8 hobgoblins
  8 jackals
  8 kobolds
  5 quokkas
  2 bats (D:1)
  10 frilled lizards
  A gnoll zombie (Ossuary)
  A kobold zombie (Ossuary)
  2 quokka skeletons
  7 rats
  9 starspawn tentacles (Abyss:3)
1844 creatures vanquished.

Vanquished Creatures (collateral kills)
  A golden dragon (Zot:2)
  A quicksilver dragon (Zot:4)
  A storm dragon (Zot:2)
  An emperor scorpion (Spider:4)
  An entropy weaver (Spider:4)
  A spark wasp (Depths:3)
  A hydra (D:15)
  A spriggan berserker (Depths:5)
  A jumping spider (Spider:2)
  A snapping turtle (Shoals:4)
  A tarantella (Spider:4)
  3 redbacks
14 creatures vanquished.

Vanquished Creatures (others)
  A death cob (Zot:2)
  A draconian monk (Zot:2)
  A merfolk impaler (Depths:3)
  The ghost of Ceyvaan the Thaumaturge, a journeyman DEFE of Sif Muna (Lair:3)
  2 sea snakes (Shoals:2)
  A manticore (Lair:6)
  An ugly thing (Gauntlet)
  A moth of wrath (Zot:1)
  A fire elemental (D:14)
  47 fungi
  A lurking horror (Abyss:3)
  112 plants
  A starspawn tentacle (Abyss:3)
171 creatures vanquished.

Grand Total: 2029 creatures vanquished

Notes
Turn   | Place    | Note
-------+----------+-------------------------------------------
     0 | D:1      | Vidiiot the Gargoyle Fighter began the quest for the Orb.
     0 | D:1      | Reached XP level 1. HP: 14/14 MP: 1/1
    30 | D:1      | Reached XP level 2. HP: 19/19 MP: 2/2
   729 | D:2      | Reached XP level 3. HP: 17/23 MP: 3/3
  1486 | D:2      | Reached XP level 4. HP: 28/28 MP: 4/4
  2021 | D:3      | emiel: >gr
  2026 | D:3      | emiel: git gud
  2034 | D:3      | Vidiiot: Hahaha
  2034 | D:3      | Vidiiot: >Tfw laggy
  2034 | D:3      | Vidiiot: How you doing mate?
  2050 | D:3      | Found a glowing drain.
  2067 | Sewer    | Entered a sewer
  2072 | Sewer    | Reached skill level 1 in Slings
  2153 | Sewer    | emiel: pretty good
  2186 | Sewer    | Reached XP level 5. HP: 32/32 MP: 5/5
  2206 | Sewer    | emiel: not much has changed, still hoping my cryptocurrency
                  | bags will one day make me a millionaire
  2212 | Sewer    | emiel: how are you doing?
  2246 | Sewer    | Vidiiot: Oh did you buy BTC?
  2246 | Sewer    | Vidiiot: One of my mates did
  2246 | Sewer    | Vidiiot: PRetty much got +50% up
  2246 | Sewer    | Vidiiot: Yeah all good mate thanks, got a big lockdown in
                  | London :D
  2521 | Sewer    | emiel: same here
  2521 | Sewer    | emiel: fuckiing annoying
  2531 | Sewer    | emiel: noo not btc
  2534 | Sewer    | emiel: ethereum
  2560 | Sewer    | emiel: too poor for btc
  2596 | Sewer    | Reached XP level 6. HP: 16/37 MP: 6/6
  2597 | Sewer    | Reached skill level 5 in Axes
  2907 | D:3      | Vidiiot: Hows Ethereum doing?
  2907 | D:3      | Vidiiot: I was thinking about getting it
  2907 | D:3      | Vidiiot: Was too late for BTC this time
  2907 | D:3      | Vidiiot: I went for stocks instead and they went down :D
  2907 | D:3      | Vidiiot: We left the EU now so our stocks are still
                  | stuggling
  2934 | D:3      | Found a bloodstained altar of Trog.
  2945 | D:3      | emiel: lol everything is pamping pretty hard right now in
                  | crypto
  2946 | D:3      | Noticed an eye of draining
  2953 | D:3      | emiel: i dont think its a good time to enter
  2958 | D:3      | Killed an eye of draining
  2959 | D:3      | Reached XP level 7. HP: 41/41 MP: 0/7
  3227 | D:4      | Found a snail-covered altar of Cheibriados.
  3242 | D:4      | Found a sand-covered staircase.
  3275 | Ossuary  | Entered an ossuary
  3693 | Ossuary  | Vidiiot: Yeah
  3693 | Ossuary  | Vidiiot: BTC is going down now too
  3693 | Ossuary  | Vidiiot: Or at least not increasing as quickly
  3695 | Ossuary  | emiel: should've bought in march reeeee
  4283 | D:4      | Vidiiot: Wahey :D
  4283 | D:4      | Vidiiot: Yeah
  4283 | D:4      | Vidiiot: I bought some stocks in march in big UK brands
  4283 | D:4      | Vidiiot: Industry doing well
  4283 | D:4      | Vidiiot: They went bad
  4283 | D:4      | Vidiiot: I made some money by buying stocks in ru companies
                  | lol
  4283 | D:4      | Got a slimy broad axe
  4284 | D:4      | Identified the +7 broad axe of Ugoej {holy, rF- Will+ SInv}
                  | (You found it on level 4 of the Dungeon)
  4436 | D:4      | emiel: i have around 15k in altcoins
  4569 | D:5      | Entered Level 5 of the Dungeon
  4617 | D:5      | emiel: i'm going make money or lose it all this year
  4882 | D:5      | Reached XP level 8. HP: 46/46 MP: 8/8
  5373 | D:6      | Vidiiot: Yeah
  5373 | D:6      | Vidiiot: Worth a shot
  5373 | D:6      | Vidiiot: The whole world is volatile
  5373 | D:6      | emiel: yh
  5373 | D:6      | Vidiiot: GBP is going down in value too lol
  5656 | D:6      | Found a staircase to the Ecumenical Temple.
  5677 | D:6      | Reached skill level 4 in Fighting
  5828 | Temple   | Entered the Ecumenical Temple
  5869 | Temple   | Became a worshipper of Warmaster Okawaru
  6097 | D:6      | Vidiiot: RNG giveth
  6098 | D:6      | emiel: and you fuckers gave us upgraded corona
  6099 | D:6      | emiel: reeee
  6919 | D:7      | Vidiiot: Hahahha
  6919 | D:7      | Vidiiot: I like how we're the bad guys now :(
  6919 | D:7      | Vidiiot: Wonder what Donald Trump would call it
  6919 | D:7      | Vidiiot: "The Brit Shit"
  7452 | D:7      | Reached skill level 5 in Fighting
  7458 | D:7      | emiel: lmao
  7466 | D:7      | Reached XP level 9. HP: 37/54 MP: 9/9
  7968 | D:8      | Vidiiot: I think it was strange about that too
  7968 | D:8      | Vidiiot: Apparently they identified it in September
  7968 | D:8      | Vidiiot: OR suspected it
  7968 | D:8      | Vidiiot: Then when they finally announced it there was all
                  | these border closes
  7968 | D:8      | Vidiiot: But that was in December lol
  7968 | D:8      | Vidiiot: So 3 months after
  8035 | D:8      | Reached * piety under Okawaru
  8085 | D:8      | Reached skill level 6 in Fighting
  8358 | D:8      | Got an ichor-stained cloak
  8372 | D:8      | Reached skill level 1 in Invocations
  8582 | D:8      | Found a burning altar of Makhleb.
  8806 | D:8      | Identified the cursed +0 cloak of Tentacled Satisfaction
                  | {Int-2 Dex+7} (You found it on level 8 of the Dungeon)
  8846 | D:8      | Found a shimmering altar of Xom.
  8848 | D:8      | Found a shimmering altar of Xom.
  8849 | D:8      | Found a shimmering altar of Xom.
  8850 | D:8      | Found a shimmering altar of Xom.
  8850 | D:8      | Found a shimmering altar of Xom.
  8850 | D:8      | Found a shimmering altar of Xom.
  8918 | D:8      | Vidiiot: Are you not playing?
  8918 | D:8      | emiel: uhm
  8918 | D:8      | emiel: not right now
  8918 | D:8      | emiel: watching you
  8918 | D:8      | emiel: and shitposting
  8918 | D:8      | emiel: living the life
  8918 | D:8      | Vidiiot: haha
  8918 | D:8      | Vidiiot: On 4chan?
  8918 | D:8      | emiel: https://boards.4channel.org/biz/
  8918 | D:8      | Vidiiot: I got an all board ban recently
  8918 | D:8      | emiel: LOL
  8918 | D:8      | emiel: nice
  8918 | D:8      | Vidiiot: I genuinely didnt do anything wrong
  8918 | D:8      | Vidiiot: So I just changed my IP and went back
  8937 | D:8      | emiel: based hackerman
  9047 | D:8      | Reached ** piety under Okawaru
  9597 | D:9      | Reached skill level 7 in Fighting
  9604 | D:9      | Reached XP level 10. HP: 43/63 MP: 10/12
  9800 | D:9      | Noticed a two-headed ogre
  9808 | D:9      | Killed a two-headed ogre
  9809 | D:9      | Reached skill level 10 in Axes
 10293 | D:10     | Entered Level 10 of the Dungeon
 10310 | D:10     | Reached *** piety under Okawaru
 10311 | D:10     | Reached skill level 1 in Dodging
 10514 | D:10     | Noticed Urug
 10711 | D:10     | Killed Urug
 10886 | D:10     | emiel: vane vane vane
 10886 | D:10     | Vidiiot: What do you think of vane?
 10886 | D:10     | Vidiiot: So fuckingb roke
 10886 | D:10     | emiel: OP
 10886 | D:10     | emiel: still op after the nerf
 10886 | D:10     | Vidiiot: What was Edgar Ebering IV thinking
 10886 | D:10     | emiel: lmao
 10886 | D:10     | Vidiiot: Lol I didnt see it pre nerf
 10886 | D:10     | Vidiiot: Was it bad
 10926 | D:10     | Noticed a death yak
 10927 | D:10     | emiel: 3 charges
 10944 | D:10     | Killed a death yak
 10944 | D:10     | Reached **** piety under Okawaru
 10945 | D:10     | Reached skill level 5 in Evocations
 11086 | D:10     | Reached XP level 11. HP: 67/67 MP: 12/14
 11658 | D:10     | Received a gift from Okawaru
 11817 | D:10     | Noticed a two-headed ogre
 11828 | D:10     | Killed a two-headed ogre
 12008 | D:10     | Reached skill level 8 in Fighting
 12093 | D:10     | Noticed Sonja
 12103 | D:10     | Killed Sonja
 12103 | D:10     | Reached ***** piety under Okawaru
 12270 | D:10     | Found a stormy altar of Qazlal.
 12432 | D:11     | Noticed a centaur warrior
 12437 | D:11     | Received a gift from Okawaru
 12439 | D:11     | Killed a centaur warrior
 12519 | D:11     | Found a staircase to the Lair.
 12526 | D:11     | Noticed Doxiuhun's ghost (journeyman GnSk)
 12527 | D:11     | Found a runed translucent door.
 12576 | D:11     | Vidiiot: Yermaks playing
 12576 | D:11     | Vidiiot: LOL
 12576 | D:11     | Vidiiot: 3 charges
 12576 | D:11     | Vidiiot: They fucked up evokables this v
 12576 | D:11     | Vidiiot: Mirror & Box are both charged now
 12589 | D:11     | Noticed an unseen horror
 12593 | D:11     | Reached skill level 9 in Fighting
 12602 | D:11     | Killed an unseen horror
 12986 | D:11     | emiel: evo easy mode
 13378 | D:11     | Reached skill level 10 in Fighting
 13378 | D:11     | Reached XP level 12. HP: 77/77 MP: 12/15
 13553 | D:11     | Identified Sif Muna's Catalogue of Glacial Flight
 13667 | Lair:1   | Entered Level 1 of the Lair of Beasts
 13676 | Lair:1   | Noticed Joseph
 13695 | Lair:1   | Killed Joseph
 13695 | Lair:1   | Received a gift from Okawaru
 13696 | Lair:1   | Got an ancient battleaxe {god gift}
 14176 | Lair:1   | Reached skill level 11 in Fighting
 14680 | Lair:1   | Received a gift from Okawaru
 15014 | Lair:2   | Found a gate leading to a gauntlet.
 15042 | Gauntlet | Entered a Gauntlet
 15042 | Gauntlet | Found a transporter.
 15042 | Gauntlet | Found a transporter.
 15042 | Gauntlet | Found a transporter.
 15063 | Gauntlet | Found a transporter.
 15073 | Gauntlet | Found a transporter.
 15076 | Gauntlet | Found a transporter.
 15079 | Gauntlet | Noticed a death yak
 15079 | Gauntlet | Noticed a death yak
 15080 | Gauntlet | Noticed a death yak
 15086 | Gauntlet | Found a transporter.
 15104 | Gauntlet | Noticed a great orb of eyes
 15105 | Gauntlet | Found a transporter.
 15111 | Gauntlet | Found a transporter.
 15112 | Gauntlet | Found a transporter.
 15120 | Gauntlet | Found a transporter.
 15123 | Gauntlet | Found a transporter.
 15235 | Gauntlet | Received a gift from Okawaru
 15241 | Gauntlet | Reached skill level 12 in Fighting
 15258 | Gauntlet | Identified Sif Muna's Almanac of Enthralling Confrontation
 15301 | Gauntlet | Got a fine amber ring
 15305 | Gauntlet | Identified the ring "Dudut" {rF+ AC+4 Int+4 SInv} (You
                  | found it in a Gauntlet)
 15306 | Gauntlet | emiel: oof
 15322 | Gauntlet | Identified the ring "Doriot" {Will+ Str+3 Stlth+}
 15322 | Gauntlet | Noticed a minotaur
 15330 | Gauntlet | Killed a minotaur
 15346 | Gauntlet | Got a flickering golden ring
 15381 | Lair:2   | Found a dark tunnel.
 15391 | Volcano  | Entered a volcano
 15474 | Volcano  | Reached XP level 13. HP: 82/87 MP: 16/16
 15580 | Volcano  | Found a radiant altar of Vehumet.
 15876 | Lair:2   | Reached skill level 13 in Fighting
 16328 | Lair:2   | Gained mutation: Your large and strong wings let you fly
                  | indefinitely. [Gargoyle growth]
 16328 | Lair:2   | Reached XP level 14. HP: 94/94 MP: 17/17
 17229 | Lair:3   | Identified the ring "Neitzili" {+Inv Str+3 Stlth+} (You
                  | found it in a Gauntlet)
 17251 | Lair:3   | Noticed Ceyvaan's ghost (journeyman DEFE)
 17252 | Lair:3   | Found the +9 staff of Wucad Mu {channel}
 17428 | Lair:3   | Found a hole to the Spider Nest.
 17567 | Lair:3   | Found a runed translucent gate.
 17567 | Lair:3   | Found a runed translucent gate.
 17567 | Lair:3   | Found a runed translucent gate.
 17691 | Lair:4   | Noticed Nergalle
 17699 | Lair:3   | Killed Nergalle
 17700 | Lair:3   | Reached skill level 14 in Fighting
 18082 | Lair:4   | Found a staircase to the Shoals.
 18298 | Lair:4   | Noticed Rupert
 18308 | Lair:4   | Killed Rupert
 19004 | Lair:5   | Received a gift from Okawaru
 19254 | Lair:5   | Reached XP level 15. HP: 95/101 MP: 18/18
 19274 | Lair:5   | emiel: woah
 19279 | Lair:5   | emiel: still alive
 19279 | Lair:5   | Vidiiot: Yeah
 19279 | Lair:5   | Vidiiot: Got a shitty volanco
 19279 | Lair:5   | Vidiiot: Literally 5 secs after you left
 19279 | Lair:5   | emiel: lol
 19279 | Lair:5   | Vidiiot: >obsidian statue
 19279 | Lair:5   | Vidiiot: >ogre mage
 19279 | Lair:5   | Vidiiot: >hell knight
 19279 | Lair:5   | emiel: ew
 19279 | Lair:5   | Vidiiot: >shit loot
 19480 | Lair:5   | Reached skill level 15 in Axes
 19994 | Lair:6   | Entered Level 6 of the Lair of Beasts
 20150 | Lair:6   | Reached skill level 5 in Dodging
 20364 | Lair:6   | Received a gift from Okawaru
 20546 | Lair:6   | Vidiiot: >banned from for 3 days
 20546 | Lair:6   | Vidiiot: I wish 4chan wasnt so anti free speech now
 20676 | Lair:6   | Found a staircase to the Slime Pits.
 20806 | Lair:6   | emiel: ree
 20816 | Lair:6   | Vidiiot: I wasnt even shitposting
 20816 | Lair:6   | Vidiiot: It's bs
 20939 | Lair:6   | Received a gift from Okawaru
 21944 | D:12     | Found Ojos Juesche's Weapon Shoppe.
 21946 | D:12     | Found a staircase to the Orcish Mines.
 21948 | D:12     | Found Fiomue Tisea's Armour Shoppe.
 21959 | D:12     | Received a gift from Okawaru
 21975 | Orc:1    | Entered Level 1 of the Orcish Mines
 22195 | Orc:1    | Found a roughly hewn altar of Beogh.
 22344 | Orc:1    | Noticed Josephine
 22365 | Orc:1    | Killed Josephine
 22597 | Orc:2    | Entered Level 2 of the Orcish Mines
 22620 | Orc:2    | Found a staircase to the Elven Halls.
 22642 | Orc:2    | Found Asti's Weapon Shoppe.
 22699 | Orc:2    | Received a gift from Okawaru
 22766 | Orc:2    | Noticed Maurice
 22804 | Orc:2    | Killed Maurice
 22994 | Orc:2    | emiel: where?
 23008 | Orc:2    | emiel: /pol/?
 23036 | Orc:2    | Vidiiot: Nah tv
 23036 | Orc:2    | emiel: ah
 23036 | Orc:2    | Vidiiot: There was some guy I found out about last night
 23036 | Orc:2    | Vidiiot: Who basically lived with his mum & dad
 23036 | Orc:2    | Vidiiot: And spent 200k$ on a my free cams model
 23036 | Orc:2    | Vidiiot: Then when his parents found out he killed them
 23036 | Orc:2    | Vidiiot: So I was asking who would play him in the biopic
 23060 | Orc:2    | emiel: oh
 23061 | Orc:2    | emiel: cool
 23068 | Orc:2    | emiel: story
 23147 | Orc:2    | Received a gift from Okawaru
 23220 | Orc:2    | emiel: ive been binging lots of true crime series etc
 23228 | Orc:2    | emiel: cold cases
 23233 | Orc:2    | Found Mishasir's Weapon Shoppe.
 23233 | Orc:2    | Found Onkyxkam's Antique Armour Shop.
 23235 | Orc:2    | Found Equel's General Store.
 23237 | Orc:2    | Found Qexaj's Antique Weapon Emporium.
 23241 | Orc:2    | Bought a +1 vampiric war axe for 280 gold pieces
 23279 | Orc:2    | Bought a runed kite shield for 157 gold pieces
 23314 | Orc:2    | Noticed Jorgrun
 23327 | Orc:2    | Killed Jorgrun
 23328 | Orc:2    | Reached XP level 16. HP: 64/107 MP: 16/19
 23344 | Orc:2    | Bought a fine war axe for 195 gold pieces
 23360 | Orc:2    | Bought a scroll of fog for 28 gold pieces
 23360 | Orc:2    | Vidiiot: What have you found?
 23360 | Orc:2    | Vidiiot: Anything good?
 23360 | Orc:2    | Bought a wand of acid (8) for 336 gold pieces
 23851 | Orc:2    | Found a roughly hewn altar of Beogh.
 24046 | Orc:2    | emiel: did you watch american murder: the family next door?
 24324 | Orc:2    | emiel: pretty sick but goddamn that woman was a bitch
 24324 | Orc:2    | emiel: lmap
 24431 | D:12     | Identified the cursed +2 war axe of Destiny {vorpal, rPois
                  | rC+ rN+} (You bought it in a shop on level 2 of the Orcish
                  | Mines)
 24515 | D:12     | Reached skill level 10 in Armour
 25076 | D:13     | You are sucked into a shaft and drop 1 floor!
 25084 | D:14     | Found a gate to the Vaults.
 25085 | D:14     | Vidiiot: Oh yeah I didn't see it but I read about it
 25085 | D:14     | Vidiiot: Chris Watts was it
 25085 | D:14     | Vidiiot: He pout his kids in oil barrels
 25085 | D:14     | Vidiiot: Fucking awful
 25085 | D:14     | emiel: yeah
 25143 | D:14     | emiel: i saw one recently that i cant find
 25143 | D:14     | emiel: hold up
 25495 | D:14     | Noticed Azrael
 25517 | D:14     | Killed Azrael
 25894 | D:14     | Found Uhewe's Gadget Shop.
 25902 | D:14     | Bought a box of beasts for 440 gold pieces
 25902 | D:14     | Bought a phantom mirror for 440 gold pieces
 26149 | D:15     | Entered Level 15 of the Dungeon
 26172 | D:15     | Found a shadowy altar of Dithmenos.
 26929 | Spider:1 | Entered Level 1 of the Spider Nest
 27212 | D:11     | emiel: hmm cant remember if i watched it on netflix or pc
 27288 | D:13     | Hm
 27475 | Spider:1 | Received a gift from Okawaru
 28030 | Spider:1 | Received a gift from Okawaru
 28980 | Spider:2 | Reached skill level 15 in Fighting
 29098 | Spider:2 | Vidiiot: Oh
 29098 | Spider:2 | Vidiiot: Some people are just fucked up
 29098 | Spider:2 | Vidiiot: A lot of it makes no sense
 29098 | Spider:2 | emiel: think i found it
 29098 | Spider:2 | Vidiiot: Like that Chris guy
 29098 | Spider:2 | Vidiiot: Killing his kids, poor fucking girls honestly
 29098 | Spider:2 | Vidiiot: Just so he could get with his mistress
 29098 | Spider:2 | Vidiiot: He could have just divorced his wife and got with
                  | her
 29156 | Spider:2 | emiel: i think his wife was preggers too
 29157 | Spider:2 | Vidiiot: :/
 29157 | Spider:2 | Vidiiot: It's just sick
 29534 | Spider:2 | emiel: i can really recommend the killing season. 8
                  | episodes, 40 minutes
 29543 | Spider:2 | Reached XP level 17. HP: 106/113 MP: 18/20
 29832 | Spider:2 | emiel: it has a pretty depressing conclusion that i wont
                  | reveal
 29833 | Spider:2 | emiel: or i can if you're not gonna watch
 29833 | Spider:2 | emiel: :P
 29946 | Spider:3 | Vidiiot: Isnt that fiction?
 29946 | Spider:3 | Vidiiot: I think my gf's watched that
 29946 | Spider:3 | Vidiiot: Isnt there like 1000 versions of it too?
 30020 | Spider:3 | emiel: nope it's about bodies they find somewhere
 30039 | Spider:3 | emiel: and then it links to numerous other bodies all over
                  | the US
 30039 | Spider:3 | Vidiiot: I'll give it a watch
 30039 | Spider:3 | Vidiiot: Is it still on Netflix?
 30039 | Spider:3 | emiel: i think you get it mixed up with THe Killing
 30039 | Spider:3 | Vidiiot: Ooh
 30039 | Spider:3 | Vidiiot: Yeah
 30039 | Spider:3 | Vidiiot: I am
 30039 | Spider:3 | Vidiiot: the killing season
 30039 | Spider:3 | Vidiiot: Ah
 30039 | Spider:3 | emiel: let me see where I watched it
 30355 | Spider:4 | Entered Level 4 of the Spider Nest
 30530 | Spider:4 | Received a gift from Okawaru
 30563 | Spider:4 | emiel: hmm fuck it's not on netflix :(
 30932 | Spider:4 | emiel: 10/10
 30932 | Spider:4 | emiel: can highly recommend it
 30932 | Spider:4 | Vidiiot: AH
 30932 | Spider:4 | Vidiiot: Yeah I'll find it somewhere
 30932 | Spider:4 | Vidiiot: THanks man
 31061 | Spider:4 | Reached skill level 10 in Evocations
 31103 | Spider:4 | Received a gift from Okawaru
 31280 | Spider:4 | emiel: i can find a torrent but it has 0 seeds
 31281 | Spider:4 | emiel: rip
 31445 | Spider:4 | emiel: if you want to feel bad watch Einsatzgruppen: The
                  | Nazi Death Squads
 31523 | Spider:4 | emiel: on netflix
 31580 | Spider:4 | emiel: pretty nsfw stuff for netflix
 31825 | Spider:4 | Received a gift from Okawaru
 31913 | Spider:4 | Reached skill level 16 in Fighting
 32447 | Spider:4 | Got a gossamer rune of Zot
 32523 | Spider:4 | Vidiiot: Oh
 32523 | Spider:4 | Vidiiot: I was wathcing a WW2 doc last week
 32523 | Spider:4 | Vidiiot: WW2 in colour
 32523 | Spider:4 | Vidiiot: Its on Netflix too
 32523 | Spider:4 | Vidiiot: Apparently Hitler was sleeping during the D Day
                  | landings
 32788 | Vaults:1 | Entered Level 1 of the Vaults
 32817 | Vaults:1 | emiel: lmao
 32936 | Vaults:1 | emiel: he was a druggie
 32955 | Vaults:1 | Reached XP level 18. HP: 120/120 MP: 21/21
 33099 | Vaults:1 | Vidiiot: Haha yeah
 33099 | Vaults:1 | Vidiiot: Churchill was too
 33099 | Vaults:1 | emiel: Einsatzgruppen: The Nazi Death Squads is basically
                  | how they executed all the jews in eastern europe with help
                  | of the people living there
 33099 | Vaults:1 | emiel: pretty chilling footage
 33099 | Vaults:1 | Vidiiot: >tfw two guys get high on crack and decide to go
                  | to war
 33099 | Vaults:1 | emiel: woooo
 33099 | Vaults:1 | Vidiiot: I'll give it a look
 33099 | Vaults:1 | Vidiiot: It's awful isn't it :/
 33099 | Vaults:1 | emiel: CRACK WAR
 33099 | Vaults:1 | Vidiiot: Hitler had like 2 Panzar Tank divisions
 33099 | Vaults:1 | Vidiiot: And he was so autistic they could only move with
                  | direct orders from him
 33099 | Vaults:1 | Vidiiot: >tfw he's sleeping on D Day and they can't do
                  | anything
 33099 | Vaults:1 | Vidiiot: It's so retarded
 33099 | Vaults:1 | emiel: yeah he fucked up big time
 33099 | Vaults:1 | Vidiiot: Churchill was great though
 33233 | Vaults:1 | Identified the +4 mace of Awnu {vorpal, rElec rC+ Stlth+}
 33344 | Vaults:1 | Found Nuellal's Book Emporium.
 33582 | Vaults:1 | Vidiiot: The craziest thing about WW2 though
 33582 | Vaults:1 | Vidiiot: Is how recent it actually was
 33649 | Vaults:1 | Received a gift from Okawaru
 34700 | Vaults:2 | emiel: yeah
 34727 | Vaults:2 | Received a gift from Okawaru
 34727 | Vaults:2 | emiel: oh i have a cool
 34730 | Vaults:2 | emiel: story
 34739 | Vaults:2 | emiel: was visiting my girlfriends' parents for the holiday
 34760 | Vaults:2 | emiel: her grandfather had a bar in amsterdam during the
                  | 50/60's
 34760 | Vaults:2 | emiel: people would buy alcohol from him and trade it for
                  | all kinds of shit
 34776 | Vaults:2 | Reached skill level 17 in Fighting
 34798 | Vaults:2 | emiel: shrunken cannibal heads, ivory, weapons, etc
 34808 | Vaults:2 | Received a gift from Okawaru
 34844 | Vaults:2 | emiel: shit they would take from their travels
 34867 | Vaults:2 | emiel: her grandfather loved collecting all that stuff
 34867 | Vaults:2 | Vidiiot: Wow
 34867 | Vaults:2 | Vidiiot: That's ace
 34867 | Vaults:2 | Vidiiot: Does he still have it
 34882 | Vaults:2 | emiel: her dad has his mancave with all kinds of stuff
 34889 | Vaults:2 | Reached ****** piety under Okawaru
 34957 | Vaults:2 | Found Reuban's Magic Scroll Emporium.
 34964 | Vaults:2 | emiel: and i see a rifle in the corner
 34964 | Vaults:2 | Bought a scroll of brand weapon for 380 gold pieces
 34964 | Vaults:2 | Bought a scroll of teleportation for 57 gold pieces
 34964 | Vaults:2 | Bought a scroll of brand weapon for 380 gold pieces
 34964 | Vaults:2 | emiel: and i ask him what it is
 35057 | Vaults:2 | Reached XP level 19. HP: 102/128 MP: 19/22
 35220 | Vaults:2 | emiel: it's a fucking mauser 98
 35366 | Vaults:2 | emiel: still working
 35377 | Vaults:2 | emiel: lmao
 35469 | Vaults:2 | Received a gift from Okawaru
 35493 | Vaults:2 | emiel: from ww1
 35523 | Vaults:2 | emiel: so k98's older brother
 36153 | D:15     | Vidiiot: Wtf
 36153 | D:15     | Vidiiot: That's mental
 36153 | D:15     | emiel: yeah and pretty illegal
 36153 | D:15     | Vidiiot: I imagine that's worth quite a lot of money too
 36153 | D:15     | emiel: well millions were made
 36153 | D:15     | emiel: so not worth too much
 36153 | D:15     | emiel: maybe around 400 bucks
 36153 | D:15     | Vidiiot: I'll open a bar after WW3 lol
 36174 | D:15     | emiel: but it has all the original stamps etc
 36214 | D:15     | emiel: with the german eagle
 36223 | D:15     | Received a gift from Okawaru
 36223 | D:15     | emiel: pretty cool
 36267 | D:15     | Received a gift from Okawaru
 36272 | D:15     | Found a staircase to the Depths.
 36341 | Depths:1 | Entered Level 1 of the Depths
 36346 | Depths:1 | emiel: yeah he also has a functioning flint lock pistol
 36363 | Depths:1 | Noticed a Brimstone Fiend
 36533 | Depths:1 | Noticed a Hell Sentinel
 36946 | Depths:1 | Vidiiot: Crazy
 36946 | Depths:1 | emiel: yeah all kinds of cool shit
 36946 | Depths:1 | Vidiiot: I think my grandparents were slightly too young to
                  | fight in the war hah
 36985 | Depths:1 | emiel: can't wait to check out her grandfather's attic
 37056 | Depths:1 | You are sucked into a shaft and drop 1 floor!
 37056 | Depths:2 | Found a one-way gate to the infinite horrors of the Abyss.
 37057 | Depths:2 | emiel: and see what he has
 37067 | Depths:2 | Received a gift from Okawaru
 37187 | Depths:2 | Reached skill level 15 in Armour
 37346 | Depths:2 | Found a gateway to Hell.
 37514 | Depths:1 | Reached skill level 5 in Shields
 37630 | Depths:1 | Vidiiot: YEah
 37630 | Depths:1 | Vidiiot: Should take pictures mate
 37630 | Depths:1 | Vidiiot: Would love to see
 37630 | Depths:1 | Vidiiot: Crazy there's all this great stuff there
 38051 | Depths:1 | Found a broken altar of Ashenzari.
 38461 | Depths:2 | emiel: https://streamable.com/uwoaqo
 38996 | Depths:3 | emiel: is the rifle
 39022 | Depths:3 | Reached skill level 10 in Shields
 39121 | Depths:3 | Received a gift from Okawaru
 39126 | Depths:3 | Identified the +1 ring mail of the Hanged Man {Rampage rC++
                  | Stlth-} (Okawaru gifted it to you on level 3 of the Depths)
 39519 | Depths:3 | Cast into level 2 of the Abyss (merfolk impaler)
 39559 | Abyss:3  | Vidiiot: fuck
 39559 | Abyss:3  | Vidiiot: School shoooter
 39559 | Abyss:3  | Vidiiot: That's crazy
 39559 | Abyss:3  | emiel: lmao
 39559 | Abyss:3  | Vidiiot: Looks in good condition too
 39570 | Abyss:3  | Reached XP level 20. HP: 134/134 MP: 20/23
 39575 | Abyss:3  | emiel: yeah it has a little surface rust but it's in great
                  | condition
 39594 | Abyss:3  | emiel: matching serial numbers
 39680 | Abyss:3  | Noticed a bone dragon
 39918 | Abyss:3  | Got an abyssal rune of Zot
 40125 | Depths:3 | Escaped the Abyss
 40179 | Depths:3 | emiel: just vane em bro
 40179 | Depths:3 | emiel: ez
 40179 | Depths:3 | Vidiiot: Haha
 40179 | Depths:3 | Vidiiot: Oh yeah
 40179 | Depths:3 | Vidiiot: Keep forgetting
 40419 | Depths:3 | Found a one-way gate leading to the halls of Pandemonium.
 40456 | Depths:3 | Received a gift from Okawaru
 40651 | Depths:3 | Noticed Xtahua
 40662 | Depths:3 | emiel: evo ez
 40668 | Depths:3 | emiel: nice
 40669 | Depths:3 | emiel: lol
 40671 | Depths:3 | Killed Xtahua
 40673 | Depths:3 | emiel: mirror OP
 40673 | Depths:3 | Vidiiot: Yeah
 40673 | Depths:3 | Vidiiot: It's so dumb they made mirror a charge item
 40673 | Depths:3 | emiel: yh
 40763 | Depths:3 | Received a gift from Okawaru
 41031 | Depths:4 | Received a gift from Okawaru
 41586 | Depths:4 | Reached XP level 21. HP: 140/140 MP: 24/24
 41601 | Depths:4 | Found Quockuum's Book Boutique.
 41709 | Depths:4 | Found Ymaryd's Jewellery Shop.
 41724 | Depths:4 | Got a flickering pewter ring
 41728 | Depths:4 | Identified the ring of Puudobb {Ice Int-4 Dex+8} (You found
                  | it on level 4 of the Depths)
 41732 | Depths:4 | Found a gateway to a ziggurat.
 42144 | Depths:4 | Vidiiot: I wonder if Yermak will win again...
 42144 | Depths:4 | Vidiiot: :D
 42144 | Depths:4 | emiel: lol
 42144 | Depths:4 | emiel: he was spectating me today
 42144 | Depths:4 | emiel: and talking to me
 42144 | Depths:4 | emiel: idk why
 42144 | Depths:4 | Vidiiot: "pls join my team bro"
 42144 | Depths:4 | Vidiiot: Hes a really nice guy tbh
 42144 | Depths:4 | emiel: yeah
 42477 | Depths:5 | Entered Level 5 of the Depths
 42488 | Depths:4 | Received a gift from Okawaru
 42492 | Depths:4 | Identified the +2 ring mail of Somewhere Else {-Cast rN+
                  | Regen+ Int+4} (Okawaru gifted it to you on level 4 of the
                  | Depths)
 43758 | Depths:5 | Vidiiot: Im always surprised at how funny Dracs are
 43758 | Depths:5 | Vidiiot: >No MR
 43758 | Depths:5 | Vidiiot: >Can't see Invis
 43758 | Depths:5 | emiel: ez
 43758 | Depths:5 | Vidiiot: If you can find a good way to get into Zot early
                  | they're litrally free exp
 44125 | Depths:5 | emiel: evokable invis drains hp now
 44127 | Depths:5 | emiel: temp drain
 44154 | Depths:5 | Reached skill level 18 in Fighting
 44289 | Depths:5 | Found a gate to the Realm of Zot.
 44289 | Depths:5 | Noticed a bone dragon
 44289 | Depths:5 | Noticed a bone dragon
 44290 | Depths:5 | Vidiiot: Yeah :/
 44290 | Depths:5 | Vidiiot: I saw that
 44290 | Depths:5 | Vidiiot: I still think its a bit OP
 44290 | Depths:5 | emiel: yh
 44448 | Depths:5 | Killed a bone dragon
 44457 | Depths:5 | Killed a bone dragon
 44458 | Depths:5 | Reached XP level 22. HP: 111/148 MP: 22/25
 44705 | Depths:5 | Paralysed by a sphinx for 7 turns
 44712 | Depths:5 | Vidiiot: >1% para
 44712 | Depths:5 | emiel: lmao
 44712 | Depths:5 | emiel: buy a lottery ticket
 44712 | Depths:5 | Vidiiot: Hahaha
 44712 | Depths:5 | Vidiiot: I hate the rules of this tournament also
 44712 | Depths:5 | Vidiiot: >LOL GET THE FIRST WIN
 44712 | Depths:5 | Vidiiot: On old system it was the 3 first autists then no
                  | one else counted
 44712 | Depths:5 | Vidiiot: Now it actually counts
 44712 | Depths:5 | Vidiiot: And 15 runes is objectively better for me to aim
                  | for now
 44712 | Depths:5 | Vidiiot: But fuck that
 44712 | Depths:5 | Vidiiot: Im too tired :D
 44715 | Depths:5 | Received a gift from Okawaru
 44882 | Depths:5 | Reached skill level 19 in Fighting
 45714 | Shoals:1 | Entered Level 1 of the Shoals
 45737 | Shoals:1 | Received a gift from Okawaru
 45815 | Shoals:1 | emiel: wtf is there a tournament?
 45857 | Shoals:1 | emiel: oh fuck that's why so many people are playing
 45858 | Shoals:1 | emiel: i'm retarded
 45858 | Shoals:1 | Vidiiot: Haha
 45858 | Shoals:1 | Vidiiot: Thats why I was asking before
 45858 | Shoals:1 | Vidiiot: Yeah
 45858 | Shoals:1 | Vidiiot: It was really, really poorly announced
 45858 | Shoals:1 | emiel: wtf
 45858 | Shoals:1 | Vidiiot: They didn't official release the rules until about
                  | 5 hours ago
 45858 | Shoals:1 | Vidiiot: >Gamma in charge of marketing
 45858 | Shoals:1 | emiel: shame
 45858 | Shoals:1 | emiel: just postpone for a few days
 45858 | Shoals:1 | Vidiiot:
                  | https://crawl.develz.org/tournament/0.26/overview.html
 45858 | Shoals:1 | Vidiiot: They barely announced it honestly
 45858 | Shoals:1 | Vidiiot: It was so badly done
 45926 | Shoals:1 | emiel: not good, tournaments keep this game alive
 46068 | Shoals:3 | OY VEY
 46081 | Shoals:3 | Found a flickering gateway to a bazaar.
 46138 | Bazaar   | Entered a bazaar
 46139 | Bazaar   | Vidiiot: Yeah
 46139 | Bazaar   | Vidiiot: Only reason Im playing
 46139 | Bazaar   | Vidiiot: Lol
 46139 | Bazaar   | Vidiiot: Only bothered with 0.26 to win with 2 new
                  | background & 1 new race
 46140 | Bazaar   | Found Ifyhaumy's Book Boutique.
 46144 | Bazaar   | Found Efruempo's Book Boutique.
 46144 | Bazaar   | Found Neproc's Antique Armour Boutique.
 46144 | Bazaar   | Found Wumul's Distillery.
 46175 | Bazaar   | Bought a potion of haste for 120 gold pieces
 46175 | Bazaar   | Bought a potion of curing for 36 gold pieces
 46175 | Bazaar   | Bought a potion of mutation for 96 gold pieces
 46175 | Bazaar   | Bought a potion of curing for 36 gold pieces
 46175 | Bazaar   | Bought a potion of curing for 36 gold pieces
 46175 | Bazaar   | Bought a potion of invisibility for 96 gold pieces
 46175 | Bazaar   | Bought a potion of might for 48 gold pieces
 46242 | Shoals:2 | emiel: pls no die
 46249 | Shoals:2 | emiel: oh vam[
 46250 | Shoals:2 | emiel: vamp
 46251 | Shoals:2 | Reached skill level 20 in Fighting
 46251 | Shoals:2 | emiel: nvm
 46360 | Shoals:3 | Vidiiot: Yeah
 46360 | Shoals:3 | Vidiiot: They need to nerf vamo
 46360 | Shoals:3 | Vidiiot: vamp
 46360 | Shoals:3 | Vidiiot: Literally I always take it with me now
 46360 | Shoals:3 | Vidiiot: Even on shittier items
 46360 | Shoals:3 | Vidiiot: >literal heal wounds potions
 46360 | Shoals:3 | emiel: at least unequipping should give drain or smth
 46360 | Shoals:3 | Vidiiot: >haste becomes full heal
 46360 | Shoals:3 | Vidiiot: Yeah
 46360 | Shoals:3 | Vidiiot: Definitely
 46360 | Shoals:3 | Vidiiot: Or hunger :DD
 46360 | Shoals:3 | emiel: lol
 46367 | Shoals:3 | emiel: r
 46369 | Shoals:3 | emiel: i
 46371 | Shoals:3 | emiel: p
 46497 | Shoals:4 | Entered Level 4 of the Shoals
 46515 | Shoals:4 | Vidiiot: Yeah
 46515 | Shoals:4 | Vidiiot: How do you feel about it?
 46515 | Shoals:4 | Noticed Polyphemus
 46530 | Shoals:4 | Killed Polyphemus
 46732 | Shoals:4 | emiel: eh idk
 46751 | Shoals:4 | emiel: game is more ez now
 46771 | Shoals:4 | Reached skill level 21 in Fighting
 46776 | Shoals:4 | Found the +7 lajatang of Order {silver, rMut}
 46777 | Shoals:4 | Vidiiot: Yeah
 46777 | Shoals:4 | Vidiiot: Definitely more newb friendly
 46777 | Shoals:4 | emiel: slowly but surely the old school annoying roguelike
                  | things are gone
 46777 | Shoals:4 | Vidiiot: Yeah
 46777 | Shoals:4 | emiel: i guess dcss is its whole new subgenre now
 46777 | Shoals:4 | Vidiiot: NOT ROGUELIKE ANYMORE REEE
 46777 | Shoals:4 | emiel: lol
 47396 | Shoals:4 | Noticed Aizul
 47405 | Shoals:4 | Killed Aizul
 47617 | Shoals:4 | Got a barnacled rune of Zot
 47618 | Shoals:4 | LOL
 47785 | D:11     | Killed Doxiuhun's ghost
 47951 | Lair:3   | Killed Ceyvaan's ghost
 48048 | Lair:3   | Got the ring "Qoshasots" {Fire}
 48537 | Depths:5 | emiel: no vamp broad axe
 48537 | Depths:5 | emiel: scrub
 48538 | Depths:5 | Identified the ring "Qoshasots" {Fire rN+ Stlth+} (You
                  | found it on level 3 of the Lair of Beasts)
 48565 | Depths:5 | Vidiiot: Kek
 48565 | Depths:5 | Vidiiot: They really should nerf it
 48565 | Depths:5 | Vidiiot: It's clutch as fuck
 48565 | Depths:5 | emiel: yh
 48565 | Depths:5 | Vidiiot: But then again, so are evokables
 48565 | Depths:5 | emiel: at least axes 20 now
 48600 | Depths:5 | Noticed a golden dragon
 48985 | Depths:5 | Killed a golden dragon
 49098 | Depths:3 | Reached XP level 23. HP: 160/160 MP: 26/26
 49224 | Zot:1    | Entered Level 1 of the Realm of Zot
 49242 | Zot:1    | Noticed a curse toe
 49465 | Depths:5 | Killed a curse toe
 49746 | Zot:1    | Reached skill level 22 in Fighting
 49808 | Zot:1    | Noticed a golden dragon
 49815 | Zot:1    | Killed a golden dragon
 49815 | Zot:1    | Received a gift from Okawaru
 51255 | Zot:1    | Received a gift from Okawaru
 51924 | Zot:2    | Received a gift from Okawaru
 52028 | Zot:2    | Received a gift from Okawaru
 52287 | Zot:2    | Vidiiot: >Yermak already has 15 runes + the orb
 52400 | Zot:2    | emiel: rofl
 52406 | Zot:2    | emiel: >emiel doesn't even know there's a tournament
 52504 | Zot:2    | Reached skill level 23 in Fighting
 52874 | Zot:2    | Noticed a golden dragon
 52897 | Zot:2    | Killed a golden dragon
 52933 | Zot:2    | Vidiiot: Hahahah
 52933 | Zot:2    | Vidiiot: Why would you
 52933 | Zot:2    | Vidiiot: They didnt even announce it
 52933 | Zot:2    | Vidiiot: They put a post out last week "Yeah there's a
                  | tournament happening next friday, we'll send the rules out
                  | before then"
 52933 | Zot:2    | Vidiiot: >literally send the rules out 3 hours before
 52933 | Zot:2    | Vidiiot: Hey Turgon
 52933 | Zot:2    | Vidiiot: Did you see Yermak lol
 52933 | Zot:2    | Turgon: hey
 52933 | Zot:2    | Turgon: Yermak is doing tomb on the orbrun
 52933 | Zot:2    | Turgon: !
 52933 | Zot:2    | Vidiiot: LOL he's doing that
 52973 | Zot:2    | Noticed a golden dragon
 52989 | Zot:2    | Killed a golden dragon
 52990 | Zot:2    | Reached XP level 24. HP: 151/171 MP: 26/26
 53542 | Zot:3    | Noticed an ancient lich
 53603 | Zot:4    | Found the +15 Maxwell's patent armour {-Cast -Tele rElec
                  | Will+ rCorr}
 53607 | Zot:4    | >Maxwell's Coffin
 53681 | Zot:4    | emiel: yermak win
 53745 | Zot:4    | emiel: ez
 53745 | Zot:4    | Vidiiot: Yeah
 53745 | Zot:4    | emiel: fucking treeform OP
 53745 | Zot:4    | emiel: noted
 53745 | Zot:4    | Vidiiot: When I try treeform in tomb i just get smite
 53745 | Zot:4    | Vidiiot: :D
 53757 | Zot:5    | Entered Level 5 of the Realm of Zot
 53759 | Zot:5    | emiel: yh
 53759 | Zot:5    | emiel: he had 37 ac still also
 53760 | Zot:5    | emiel: not ba
 53760 | Zot:5    | emiel: d
 53773 | Zot:5    | Received a gift from Okawaru
 54063 | Zot:4    | Received a gift from Okawaru
 54071 | Zot:4    | Turgon: Great show, and Yermak only took 2:40 h
 54126 | Zot:4    | emiel: very nice win
 54670 | Zot:5    | Received a gift from Okawaru
 54675 | Zot:5    | emiel: mark cheat
 54677 | Zot:5    | emiel: ez
 54693 | Zot:5    | Noticed an orb of fire
 54694 | Zot:5    | Gained mutation: You are frail. (-10% HP) [an orb of fire]
 54695 | Zot:5    | emiel: frail gr
 54695 | Zot:5    | emiel: nice
 54695 | Zot:5    | Turgon: This is quite common now. Killhole and mark. Nebu
                  | does it always if possible
 54700 | Zot:5    | Gained mutation: You evolve. [an orb of fire]
 54708 | Zot:5    | Gained mutation: Your spells are a little easier to cast,
                  | but a little less powerful. [an orb of fire]
 54710 | Zot:5    | Killed an orb of fire
 54710 | Zot:5    | Noticed an ancient lich
 54711 | Zot:5    | Turgon: (in Z:5)
 54712 | Zot:5    | Vidiiot: Yeah
 54712 | Zot:5    | Vidiiot: I love seeing alarm traps in Zot
 54712 | Zot:5    | Vidiiot: Especially with how BS it can be
 54723 | Zot:5    | Killed an ancient lich
 54725 | Zot:5    | Noticed an orb of fire
 54731 | Zot:5    | Turgon: Hey, oof are easy with tornado!
 54739 | Zot:5    | Killed an orb of fire
 54739 | Zot:5    | Received a gift from Okawaru
 54740 | Zot:5    | Noticed an orb of fire
 54754 | Zot:5    | Killed an orb of fire
 54767 | Zot:5    | Noticed an ancient lich
 54773 | Zot:5    | Killed an ancient lich
 54777 | Zot:5    | Turgon: Had an OgAE going for tornado, buffed with staff
                  | Air, robe Archmagi and wild magic
 54908 | Zot:5    | emiel: nice
 54920 | Zot:5    | Turgon: THEY FLOAT!
 54922 | Zot:5    | Reached XP level 25. HP: 142/158 MP: 26/26
 54922 | Zot:5    | Noticed an ancient lich
 54928 | Zot:5    | Killed an ancient lich
 54944 | Zot:5    | emiel: big boi ogre
 55078 | Zot:5    | Vidiiot: I like ogre
 55078 | Zot:5    | Vidiiot: SOMEBODY ONCE TOLD ME
 55078 | Zot:5    | Vidiiot: THE WORLD WAS GONNA ROLL ME
 55134 | Zot:5    | emiel: lol
 55245 | Zot:5    | Gained mutation: You tend to lose your temper in combat.
                  | [evolution]
 55405 | Zot:5    | Turgon: Careful with berserkitis
 55451 | Zot:5    | emiel: tab tab tab
 55462 | Zot:5    | Turgon: passing out near 5 oof isn't recommended
 55470 | Zot:5    | emiel: lol oh yeah
 55477 | Zot:5    | emiel: passing out
 55548 | Zot:5    | Vidiiot: Ive barely got mut pots
 55551 | Zot:5    | Turgon: lol, pot mut is on D:1
 55559 | Zot:5    | Received a gift from Okawaru
 55656 | Zot:4    | Noticed an orb of fire
 55701 | Zot:4    | Killed an orb of fire
 55709 | Zot:5    | Noticed an orb of fire
 55851 | Zot:5    | Turgon: 67 AC but only 158 HP!
 55863 | Zot:5    | emiel: hard shell soft interior
 55873 | Zot:5    | Gained mutation: You are clumsy. (Dex -2) [an orb of fire]
 55874 | Zot:5    | Killed an orb of fire
 55890 | Zot:5    | Noticed an orb of fire
 55892 | Zot:5    | Noticed an ancient lich
 55894 | Zot:5    | Noticed an orb of fire
 55898 | Zot:5    | Noticed a Killer Klown
 55908 | Zot:5    | Got the Orb of Zot
 55909 | Zot:5    | emiel: careful fren
 55914 | Zot:5    | Noticed an orb of fire
 55914 | Zot:5    | Noticed an orb of fire
 55915 | Zot:5    | emiel: oof
 55917 | Zot:5    | Gained mutation: Armour fits poorly on your strangely
                  | shaped body. [an orb of fire]
 55919 | Zot:5    | emiel: cancellation after you tele?
 55920 | Zot:5    | Turgon: there are too many
 55920 | Zot:5    | Noticed an orb of fire
 55921 | Zot:5    | emiel: blink?
 55921 | Zot:5    | emiel: or no?
 55921 | Zot:5    | emiel: scrolls
 55922 | Zot:5    | emiel: canc
 55955 | Zot:5    | Noticed an orb of fire
 55971 | Zot:4    | emiel: leggit boi
 55971 | Zot:4    | emiel: LEGGIT
 55971 | Zot:4    | Vidiiot: Outnumbered but never outgunned
 55971 | Zot:4    | emiel: lol
 55971 | Zot:4    | Turgon: How many runes btw?
 55971 | Zot:4    | Vidiiot: we yermak now
 55971 | Zot:4    | Vidiiot: 3
 55971 | Zot:4    | Vidiiot: Im not doing 15
 55971 | Zot:4    | Vidiiot: Falling asleep rn
 55971 | Zot:4    | emiel: :P
 56103 | Depths:5 | Turgon: Can anybody tell me how I "paralysed myself"?
 56137 | Depths:4 | Turgon:
 91016 | Zig:9    | Noticed Ogohiall the pandemonium
                  | lord
 56142 | Depths:3 | emiel: o.O
 56220 | Depths:1 | Turgon:
 91021 | Zig:9    | Paralysed by you for 6 turns
 56300 | D:14     | emiel: wtf
 56300 | D:14     | Turgon: What was this??
 56300 | D:14     | Vidiiot: When?
 56303 | D:14     | Turgon: today
 56306 | D:14     | emiel: is Ru messing with you?
 56343 | D:13     | Turgon: 0.27 trunk
 56490 | D:5      | Turgon: I was with Goz
 56566 | D:1      | emiel: hmm
 56582 | D:1      | emiel: very odd
 56597 | D:$      | Escaped with the Orb!

Illustrated notes ################################# ................................. ..#...........##.).#........#..#. ..#.........[...@..#.....#....)#. ..#.......##[..[...........###... .....................###...#.#### #######'##....#......# #.#.#.# .........+....#....<.# #..)#'## #####....#.#.........# #......# #.##.#...........# #^#..#.# #.####....#......# #....#.# #####.#....#..#......# ####...# Turn 27288 on D:13: Hm ≈≈≈≈≈≈≈≈≈≈≈.... ≈≈≈≈≈≈≈≈≈t≈≈≈≈≈ ≈≈≈≈≈≈≈≈≈≈≈≈≈≈≈ ≈≈≈≈≈≈≈≈≈≈≈≈≈S≈ ≈≈≈≈≈≈≈≈≈≈≈≈≈≈≈ ≈≈≈≈≈≈≈≈≈≈≈≈≈≈≈ ≈≈≈≈≈≈≈.≈≈≈≈..≈ ≈≈≈≈≈..@.# ≈≈≈≈≈≈≈..# P≈≈≈P≈P≈... .≈≈≈P≈≈...... .≈≈≈P≈P.P.....≈ ≈≈≈≈P≈<.P.<.... ≈≈≈.PPPPP...##. .≈≈PPP≈≈..... Turn 46068 on Shoals:3: OY VEY

####..≈≈≈≈≈##........≈≈≈≈≈≈≈≈≈≈≈≈
####/.≈≈...##..######(≈≈≈≈≈≈≈≈≈≈≈
..#.........#.##≈...[#...≈≈≈≈≈≈≈≈
........###..##≈...[#.#...≈≈≈≈≈≈≈
....≈≈.##**..#≈..#≈).#[#...≈≈≈≈≈≈
.#..≈...#*,,.#≈.≈≈≈≈...#...≈≈≈≈≈≈
.##.....#*<,,#≈.≈##≈≈..#..≈≈≈≈≈≈≈
†....######**#≈..≈#≈#..#.≈≈≈≈≈≈≈≈
≈....####.####≈#@.≈≈..≈#≈≈≈≈≈≈≈≈≈
≈≈≈...#......##≈#....≈##≈≈≈≈≈≈≈≈≈
≈≈≈...........##≈≈≈≈≈##≈≈≈≈≈≈≈≈≈≈
≈≈≈≈≈.≈≈≈≈.....#######≈≈≈≈≈≈≈≈≈≈≈
≈≈≈≈≈≈≈≈≈≈......≈≈≈≈≈≈≈#######≈≈≈
≈≈≈≈≈≈≈≈≈≈....≈≈≈≈≈≈≈≈##≈≈≈≈≈##≈≈
≈≈≈≈≈≈≈.......≈≈≈≈≈.≈##≈≈≈≈.#≈#*≈
≈≈≈≈≈≈...........≈≈..#≈≈≈≈≈.)#≈*≈
≈≈≈≈≈≈............≈..#≈≈#≈#≈≈≈≈#≈


Turn 47618 on Shoals:4: LOL *,,,* **,**,,,,,, *,,,* *#..,,,,,,,, *****
*#....,,,,,,, *#.....,**,,,, *#......,**,,,, ##.......,**,,,, ##.......,,**,,,,
##.....#,,,,**,,,, ##@....##...***,,,, *#...<....#*****,,,, *#.[.......#
*,,,,,,, *#..........# *,,,,,,, *#.....####### *,,,,,,> *#.....## ****,,,,
*#.....#* **,,,,,, **.....#* ******,,,,,,, **,,,..#* *,,,,,,,,,,,, Turn 53607 on
Zot:4: >Maxwell's Coffin

Levels and vault maps discovered:
D:1:      zelgadis_glass_arrival_small, layout_rooms, serial_corexii_hall,
          chequers_hall_statues_y, chequers_hall_statues_y,
          corexii_hall_statues_deadend, corexii_hall_statues_s,
          roderic_serpentine_path, due_unseen_surprise
D:2:      layout_loops_ring
D:3:      layout_rooms, gup_sewer_entry_pipe, trog_eyes_of_draining
D:4:      layout_basic, kennysheep_slug_shrine, nicolae_ossuary_entry_ruins
D:5:      layout_basic
D:6:      layout_basic, temple_fountains
D:7:      layout_loops_corners, hangedman_decor_clover_reticule,
          chequers_serial_rivers_small_3
D:8:      kennysheep_steamy, layout_cave_pools, basic_altar, xom_shifter_show
D:9:      layout_roguey
D:10:     layout_loops_corners, basic_altar, serial_ice, serial_ice_h,
          serial_ice_l, serial_ice_b, serial_ice_g, serial_ice_e, serial_ice_o,
          serial_ice_a, uniq_urug, uniq_sonja
D:11:     layout_loops_ring, lair_entry_dummy, hellmonk_ghost_happy_afterlife
D:12:     layout_loops_cross, orc_david_3, basic_altar, serial_glass,
          glass_columns_b, glass_columns_a, chequers_serial_rivers_room_b
D:13:     layout_stronghold
D:14:     layout_stronghold, david_vaults_5, minmay_crystal_water, serial_shops,
          shop, uniq_azrael
D:15:     gammafunk_enter_depths_forms, layout_basic, basic_altar
Temple:   nicolae_temple_the_god_donut
Lair:1:   layout_gridlike, lemuel_fruit_tree, grunt_megastairs_1,
          serial_bayou_shore_b, infiniplex_staircase_pool_2, uniq_joseph
Lair:2:   layout_chaotic_city, enter_volcano_2, gauntlet_entry_generic
Lair:3:   layout_roguey [special_room_bee], nicolae_spider_entry_orb_guardian,
          gammafunk_ghost_icy, grunt_megastairs_5
Lair:4:   layout_regular_city, minmay_shoals_entry_hut,
          chequers_serial_rivers_room_b, grunt_megastairs_3, uniq_nergalle,
          uniq_rupert
Lair:5:   layout_regular_city, serial_bayou_crossing
Lair:6:   gammafunk_lair_ancient_temple, layout_regular_city,
          minmay_slime_entry_pillars, small_statue_intersection
Shoals:1: layout_shoals, nicolae_shoals_wave_tunnel
Shoals:2: layout_shoals
Shoals:3: layout_shoals, serial_shops, bzr_in_the_mist,
          regret_index_shoals_crete
Shoals:4: shoals_end_hangedman, layout_shoals, nicolae_shoals_undead_eyrie,
          uniq_polyphemus, uniq_aizul
Spider:1: layout_spider_delve, hangedman_spider_tarantella_strand
Spider:2: layout_spider_delve, nicolae_orb_stairs
Spider:3: layout_spider_delve, nicolae_spider_cling_halls
Spider:4: floodkiller_spider_rune_tomb
Orc:1:    layout_diamond_mine, basic_altar, uniq_josephine
Orc:2:    st_orc_rangers, layout_diamond_mine, serial_shops,
          nicolae_shop_waterfront, minmay_orc_temple_b, uniq_jorgrun,
          uniq_maurice
Vaults:1: hangedman_vaults_maws, v_misc_32, vaults_dpeg_hooks, serial_ice_g,
          vaults_dpeg_encased_lava, v_misc_18, layout_vaults_omnigrid,
          serial_shops, shop
Vaults:2: vaults_room_hallway, v_pattern_3, nicolae_vaults_ninety_degrees,
          hangedman_vaults_capsules, v_misc_3, hangedman_vaults_stitches,
          ontoclasm_vaults_shuriken, ontoclasm_vaults_ring_large,
          vaults_mumra_chevron, nicolae_vaults_little_squares_3,
          nicolae_vaults_circle_grid_a, nicolae_vaults_rhombus_7,
          ontoclasm_vaults_claustrophobia, vaults_dpeg_diagonal,
          dpeg_vaults_monster_box, layout_vaults_omnicross, serial_shops, shop
Vaults:3: grunt_vaults_hallway_long, nicolae_vaults_big_angled_halls,
          nicolae_vaults_shelves_hall, grunt_vaults_twisty, v_misc_33,
          minmay_crypt_entry_simple_box, hangedman_vaults_unwind,
          ontoclasm_vaults_eye, vaults_room_door_hall, ontoclasm_vaults_pinch,
          v_pattern_2, nicolae_vaults_diagonal_hallway_8,
          nicolae_vaults_asterisk, layout_vaults_ring, serial_shops, shop,
          nicolae_shop_temple_entry_statues_fountains, nicolae_shop_trees,
          uniq_margery
Depths:1: layout_forbidden_donut, corexii_hall_statues_l, abyss_entry,
          pf_hell_entry_tar_spiral, nicolae_ashenzari_panopticon
Depths:2: evilmike_library_of_no_secrets, layout_cave_pools,
          chequers_serial_rivers_room_a, grunt_mini_vestibule, abyss_entry,
          serial_column_ruins, column_ruins_hut, column_ruins_grid_5,
          column_ruins_open_tiny, column_ruins_open_small,
          column_ruins_columns_corner, column_ruins_open_medium,
          column_ruins_open_small
Depths:3: minmay_nested_s, layout_cave_shapes, minmay_room_of_horrors,
          rand_demon_pan_entry_3, hell_entry, kennysheep_boxes, uniq_xtahua
Depths:4: evilmike_wizard_prison, layout_gridlike, enter_ziggurat_c,
          grunt_decor_clamped, hangedman_abyss_entry_splay, hell_entry,
          minmay_shoptagon, serial_bayou_shore_a
Depths:5: grunt_zot_entry_tricorne, layout_cave_shapes, abyss_entry_crystal,
          hellmouth_1
Zot:1:    layout_basic
Zot:2:    layout_gridlike, st_small_dragon_hoard_1, bh_zot_levy_curve
Zot:3:    gammafunk_sealed_library, layout_twisted_circle,
          gammafunk_ghost_arena, st_stairs_7
Zot:4:    layout_misc_corridors, st_single_dragon_hoard_4
Zot:5:    layout_cathedral_of_symmetry, gammafunk_ghost_abyssal_escape,
          grunt_ministairs_13

Skill      XL: |  1  2  3  4  5  6  7  8  9 10 11 12 13 14 15 16 17 18 19 20 21 22 23 24 25 |
---------------+----------------------------------------------------------------------------+-----
Axes           | 2 3 4 5 6 8 9 10 11 13 14 15 16 17 18 19 21 | 21.3
Slings         | 1 2 3 4 |  4.8
Fighting       | 5 7 10 12 13 14 15 16 17 18 21 23 | 23.5
Invocations    | 3 4 |  4.2
Dodging        | 1 4 7 |  7.3
Evocations     | 5 7 9 10 11 12 | 12.3
Armour         | 6 9 11 13 14 15 16 20 22 | 22.5
Shields        | 10 12 | 12.5

Action                   |  1- 3 |  4- 6 |  7- 9 | 10-12 | 13-15 | 16-18 | 19-21 | 22-24 | 25-27 || total
-------------------------+-------+-------+-------+-------+-------+-------+-------+-------+-------++-------
Melee: War axe           |   107 |   179 |    81 |    20 |    52 |   632 |   548 |   583 |    51 ||  2253
       Broad axe         |       |       |   204 |   428 |   791 |   763 |   725 |   793 |   212 ||  3916
 Fire: Hunting sling     |     2 |     8 |    30 |    11 |       |       |       |       |       ||    51
       Fustibalus        |       |       |       |    33 |     7 |       |       |       |       ||    40
Throw: Dart              |       |       |    10 |    10 |     5 |     4 |     4 |     6 |     5 ||    44
       Javelin           |       |       |       |       |       |    26 |       |       |       ||    26
       Throwing net      |       |       |       |       |       |       |     1 |     2 |     1 ||     4
Invok: Heroism           |       |       |     1 |    31 |    41 |    69 |    57 |    56 |    13 ||   268
       Finesse           |       |       |       |     1 |     1 |     3 |     3 |     9 |     4 ||    21
 Abil: Fly               |       |       |       |       |     2 |       |       |       |       ||     2
       Stop Flying       |       |       |       |       |     1 |       |       |       |       ||     1
Evoke: Wand              |       |       |     5 |    17 |     5 |    28 |    24 |    36 |     4 ||   119
       Condenser vane    |       |       |       |     2 |     1 |     3 |     5 |     3 |       ||    14
       Box of beasts     |       |       |       |       |       |     3 |     1 |     2 |       ||     6
       Phantom mirror    |       |       |       |       |       |     1 |     1 |     2 |       ||     4
       Tin of tremorston |       |       |       |       |       |     2 |    14 |     5 |       ||    21
  Use: Scroll            |     2 |     8 |    16 |     6 |     7 |    13 |    15 |    15 |     4 ||    86
       Potion            |       |     1 |     3 |     1 |     7 |       |     7 |     7 |     8 ||    34
 Stab: Distracted        |       |       |     1 |     1 |       |       |     2 |     2 |       ||     6
       Invisible         |       |       |       |       |    10 |       |     5 |     9 |       ||    24
       Paralysed         |       |       |       |       |       |    10 |    10 |    26 |     2 ||    48
       Held in net/web   |       |       |       |       |       |       |     1 |     2 |     1 ||     4
       Petrified         |       |       |       |       |       |       |       |     8 |       ||     8
Armor: Scale mail        |    45 |    91 |   118 |   169 |       |       |       |       |       ||   423
       Plate armour      |       |       |    30 |    28 |    13 |       |       |       |       ||    71
       Chain mail        |       |       |       |       |   396 |   911 |   546 |   270 |       ||  2123
       Crystal plate arm |       |       |       |       |    30 |       |       |       |       ||    30
       Gold dragon scale |       |       |       |       |       |       |       |   421 |   159 ||   580
Dodge: Dodged            |    28 |    44 |    72 |   145 |   329 |   832 |   497 |   466 |    68 ||  2481
Block: Kite shield       |    58 |    73 |   142 |   231 |   480 |   904 |   716 |   778 |   120 ||  3502
